 Dungeon Crawl Stone Soup version 0.32-a0-630-g46d191b0ed (webtiles) character file.

Game seed: 10158669874844928301

273 Esekla the Covert (level 6, -2/43 HPs)
             Began as an Octopode Delver on Mar 7, 2024.
             Was an Initiate of Gozag.
             Slain by Prince Ribbit (10 damage)
             ... on level 5 of the Dungeon.
             The game lasted 00:07:22 (496 turns).

Esekla the Covert (Octopode Delver)                  Turns: 496, Time: 00:07:22

Health: -2/43      AC:  1    Str: 11    XL:     6   Next: 23%
Magic:  8/8        EV: 13    Int: 15    God:    Gozag
Gold:   22         SH:  0    Dex: 13    Spells: 8/8 levels left

rFire   . . .        a - +0 falchion
rCold   . . .        (no shield)
rNeg    . . .        (helmet restricted)
rPois   .            (no amulet)
rElec   .            (no ring)
rCorr   .            (no ring)
SInv    .            (no ring)
Will    .....        (no ring)
Stlth   +++++        (no ring)
HPRegen 0.27/turn    (no ring)
MPRegen 0.11/turn    (no ring)
                     (no ring)

%: no passive effects
@: no status effects
A: almost no armour, amphibious, 8 rings, camouflage 1, gelatinous body 1,
(nimble swimmer 1), tentacles
a: Renounce Religion, Potion Petition, Call Merchant, Bribe Branch


You were on level 5 of the Dungeon.
You worshipped Gozag.
Gozag was noncommittal.
You visited 2 branches of the dungeon, and saw 3 of its levels.

You collected 24 gold pieces.
You paid 2 gold pieces to Gozag.

Inventory:

Hand Weapons
 a - a +0 falchion (weapon)
 s - a +0 dagger
Wands
 f - a wand of digging (3)
Scrolls
 b - a scroll of fog
 c - a scroll of identify {unknown}


   Skills:
 * Level 4.1 Fighting
 + Level 2.5 Long Blades
 * Level 2.9 Dodging
 + Level 8.7 Stealth
 * Level 1.8 Spellcasting


You had 8 spell levels left.
You didn't know any spells.
Your spell library was empty.

Dungeon Overview and Level Annotations

Branches:
Dungeon (5/15)             Temple (1/1) D:5

Altars:
Ashenzari
Dithmenos
Elyvilon
Gozag
Hepliaklqana
Makhleb
Nemelex Xobeh
Wu Jian
Xom
Zin

Annotations:
D:5 Prince Ribbit


Innate Abilities, Weirdness & Mutations

You cannot wear most types of armour.
You are amphibious.
You can wear up to eight rings at the same time.
Your skin changes colour to match your surroundings (Stealth+).
Your rubbery body absorbs attacks. (AC +1, EV +1)
((You are camouflaged when in or above water. (Stealth+)))
You have tentacles for arms and can constrict up to eight enemies at once.


Message History

* * * LOW HITPOINT WARNING * * *
You hit the phantom but do no damage.
The phantom is severely damaged.
The phantom misses you.
You barely miss the phantom.
The phantom is severely damaged.
The phantom hits you.
* * * LOW HITPOINT WARNING * * *
The phantom blinks!
You blink.
The iguana hisses angrily.
You hit the phantom.
The phantom is almost destroyed.
The phantom closely misses you.
You hit the phantom.
You destroy the phantom!
Your Fighting skill increases to level 4!
You have reached level 6!
The iguana hisses menacingly.
You see here a murky golden potion.
A yak comes into view.
The yak moves out of view.
Prince Ribbit croaks.
You slash Prince Ribbit! Your grab misses Prince Ribbit.
Prince Ribbit is lightly wounded.
You hear a bellow!
Prince Ribbit closely misses you. Prince Ribbit hits you!
* * * LOW HITPOINT WARNING * * *
You hear a bellow!
You feel better.
You hear a bellow!
Prince Ribbit blinks!
The iguana bites you!
* * * LOW HITPOINT WARNING * * *
Prince Ribbit hits you.
* * * LOW HITPOINT WARNING * * *
You barely miss Prince Ribbit. You grab Prince Ribbit.
Your squeeze misses Prince Ribbit.
Prince Ribbit is lightly wounded.
You constrict Prince Ribbit. The iguana misses you. Prince Ribbit hits you!
You die...
Your body crumbles into a pile of gold.

#.#.# #.#.#######..#######
#.#.#
#.#.#######..#######****
#.#.#
#.#.#######..##.....,,,,
#...#
#.#.#######..##.####****
#..#######.#.#####....##.####
* #........l...Y...).#..#*,*
##.#######.......#<..##*,*
#.# ###.###F##.## *,* #.#
#...#@##.# **,** #.#
###.#l##.# *,,,****** #.#
*.#.##.# *,,,,,,,,* #.#
#,#.##.# *,,,****,*
#.######## #.#.##.##***** *,*
#........####.#!#...### *,*
########..............# *,*
#..###.#.#...#.# *,*
#...<$......##,* *,**


You could see Prince Ribbit and an iguana.

Vanquished Creatures
  A phantom (D:5)
  2 scorpions (D:5)
  A howler monkey (D:5)
  3 adders
  2 dart slugs
  A ribbon worm (D:4)
  3 orcs
  A hobgoblin (D:5)
  A quokka (D:5)
15 creatures vanquished.

Notes
Turn   | Place    | Note
-------+----------+-------------------------------------------
     0 | D:5      | Esekla the Octopode Delver began the quest for the Orb.
     0 | D:5      | Reached XP level 1. HP: 16/16 MP: 1/1
    70 | D:5      | Noticed Prince Ribbit
    78 | D:5      | Noticed an iguana
    83 | D:5      | Noticed a yak
    85 | D:5      | Noticed a yak
   148 | D:5      | Found a staircase to the Ecumenical Temple.
   157 | Temple   | Found a transporter.
   157 | Temple   | Found a transporter.
   157 | Temple   | Found a transporter.
   157 | Temple   | Found a transporter.
   157 | Temple   | Entered the Ecumenical Temple
   188 | D:5      | Noticed an orc wizard
   206 | D:5      | Noticed a scorpion
   215 | D:5      | Noticed a scorpion
   244 | D:5      | Killed a scorpion
   245 | D:5      | Reached skill level 7 in Stealth
   245 | D:5      | Reached skill level 1 in Spellcasting
   245 | D:5      | Reached XP level 2. HP: 18/21 MP: 1/3
   245 | D:5      | Reached XP level 3. HP: 22/26 MP: 1/4
   245 | D:5      | Reached XP level 4. HP: 26/31 MP: 1/5
   268 | D:5      | Found a burning altar of Makhleb.
   319 | D:5      | Killed a scorpion
   320 | D:5      | Reached skill level 8 in Stealth
   320 | D:5      | Reached XP level 5. HP: 16/37 MP: 5/7
   369 | Temple   | Became a worshipper of Gozag Ym Sagoz the Greedy
   421 | D:4      | Noticed a phantom
   475 | D:5      | Killed a phantom
   476 | D:5      | Reached XP level 6. HP: 12/43 MP: 8/8
   489 | D:5      | Noticed a yak
   496 | D:5      | Slain by Prince Ribbit

Illustrated notes

Levels and vault maps discovered:
D:4:      layout_basic, general_overflow_altar, lemuel_tele_altar,
          mainiacjoe_overflow_alcove_2, minmay_misc_feat_x, minmay_bisected
D:5:      layout_loops_ring, minmay_temple_entry_nine_rooms, serial_shops,
          shop_fountains, minmay_ruined_shrine, uniq_prince_ribbit1
Temple:   hellmonk_temple_divided_pantheon

Skill      XL: |  1  2  3  4  5 |
---------------+----------------+-----
Stealth        | 7 8 |  8.7
Spellcasting   | 1 |  1.8
Fighting       | 4 |  4.1
Long Blades    | |  2.5
Dodging        | |  2.9

Action                     |  1- 3 |  4- 6 || total
---------------------------+-------+-------++-------
  Melee: Falchion          |     7 |    38 ||    45
         Constrict         |     2 |     9 ||    11
         Tentacles         |     2 |     5 ||     7
         Dagger            |       |     2 ||     2
    Use: Scroll            |     2 |       ||     2
         Potion            |     1 |     2 ||     3
   Stab: Sleeping          |       |     2 ||     2
 Armour: Skin              |     4 |    28 ||    32
  Dodge: Dodged            |     7 |    26 ||    33

Table legend: (Time is in decaauts)
 A = Elapsed time spent in this place.
 B = Non-inter-level travel time spent in this place.
 C = Inter-level travel time spent in this place.
 D = Time resting spent in this place.
 E = Time spent auto-exploring this place.
 F = Levels seen in this place.
 G = Mean time per level.
                   A        B        C        D        E       F      G
               +--------+--------+--------+--------+--------+-----+--------+
         Total |    484 |    454 |     30 |     22 |      0 |   3 |  161.3 |
       Dungeon |    445 |    415 |     30 |     22 |      0 |   2 |  222.5 |
        Temple |     39 |     39 |      0 |      0 |      0 |   1 |   39.0 |
               +--------+--------+--------+--------+--------+-----+--------+

Top non-repeatable levels by time:
     D:5: 406 daAuts
  Temple: 39 daAuts
     D:4: 38 daAuts
